 Dungeon Crawl Stone Soup version 0.28-a0-664-gc179e30c89 (webtiles) character file.

Game seed: 109246981455537834

231 Execuda the Skirmisher (level 5, 0/45 HPs)
             Began as a Minotaur Air Elementalist on Oct 15, 2021.
             Slain by an orc wizard (2 damage)
             ... on level 5 of the Dungeon.
             The game lasted 00:03:25 (2621 turns).

Execuda the Skirmisher (Minotaur Air Elementalist)  Turns: 2621, Time: 00:03:26

Health: 0/45       AC:  9    Str: 14    XL:     5   Next: 72%
Magic:  6/6        EV: 10    Int: 12    God:
Gold:   86         SH:  0    Dex: 12    Spells: 5/6 levels left

rFire   . . .      SeeInvis .   b - +2 dagger (venom)
rCold   + . .      Faith    .   (no shield)
rNeg    . . .      Spirit   .   n - +0 chain mail
rPois   .          Reflect  .   (helmet restricted)
rElec   .          Harm     .   a - +0 cloak
rCorr   .          Rampage  .   (no gloves)
Will    .....                   (no boots)
Stlth   ..........              (no amulet)
HPRegen 0.15/turn               e - +4 ring of evasion
MPRegen 0.10/turn               g - ring of protection from cold

@: brilliant, hasted, very quick
A: horns 2, retaliatory headbutt, thin skeletal structure 1, frail 1, mutation
resistance 1, MP-powered wands
a: no special abilities


You were on level 5 of the Dungeon.
You visited 1 branch of the dungeon, and saw 5 of its levels.

You collected 86 gold pieces.

Inventory:

Hand Weapons
 b - a +2 dagger of venom (weapon)
 m - a +0 hand axe
Armour
 a - a +0 cloak (worn)
 n - a +0 chain mail (worn)
Jewellery
 e - a +4 ring of evasion (left hand)
 g - a ring of protection from cold (right hand)
Scrolls
 c - a scroll of summoning {unknown}
 d - 4 scrolls of immolation {unknown}
 i - 3 scrolls of identify {unknown}
 j - a scroll of acquirement {unknown}
 k - a scroll of enchant weapon {unknown}
Potions
 f - a potion of brilliance
 h - a potion of haste


   Skills:
 + Level 6.8 Fighting
 * Level 0.0 Axes
 + Level 0.0 Armour
 + Level 2.2 Dodging
 - Level 1.5 Stealth
 - Level 1.3 Spellcasting
 - Level 0.6 Conjurations
 - Level 2.1 Air Magic


You had 5 spell levels left.
You knew the following spells:

 Your Spells              Type           Power      Damage    Failure   Level
a - Shock                 Conj/Air       24%        1d4       99%         1

Your spell library contained the following spells:

 Spells                   Type           Power      Damage    Failure   Level
 Animate Skeleton         Necr           2%         N/A       100%        1
 Apportation              Tloc           2%         N/A       100%        1
 Summon Small Mammal      Summ           4%         N/A       100%        1
 Static Discharge         Conj/Air       6%         N/A       100%        2
 Swiftness                Air            9%         N/A       100%        3
 Airstrike                Air            4%         N/A       100%        4


Dungeon Overview and Level Annotations

Branches:
Dungeon (6/15)
 Temple: D:4-7

Altars:


Innate Abilities, Weirdness & Mutations

You have a pair of horns on your head.
You reflexively headbutt those who attack you in melee.
You have a somewhat thin skeletal structure. (Dex +2, Stealth+)
You are frail. (-10% HP)
You are somewhat resistant to further mutation.
You expend magic power (3 MP) to strengthen your wands.


Message History

The orc hits you but does no damage.
You bump into the rock wall.
You feel less confused.
The vampire mosquito bites you but does no damage.
You hear some strange, mumbled words.
A puff of flame appears from out of thin air!
The puff of flame hits something!
Reactivating autopickup.
The orc barely misses you.
You hit the orc.
The orc looks as sick as possible!
Your headbutt misses the orc.
The orc is moderately wounded.
The vampire mosquito barely misses you. The vampire mosquito bites you.
* * * LOW HITPOINT WARNING * * *
The vampire mosquito draws strength from your injuries!
You hear some strange, mumbled words.
Deactivating autopickup; reactivate with Ctrl-A.
Something tries to affect you, but you resist.
You closely miss the orc.
The orc is moderately wounded.
The vampire mosquito bites you.
* * * LOW HITPOINT WARNING * * *
The vampire mosquito draws strength from your injuries!
The orc barely misses you. You furiously retaliate!
You headbutt the orc. You hit the orc.
The orc looks as sick as possible!
The orc is almost dead.
You kill the orc!
The vampire mosquito bites you.
* * * LOW HITPOINT WARNING * * *
The vampire mosquito draws strength from your injuries!
You hit the vampire mosquito.
The vampire mosquito is lightly damaged.
The vampire mosquito bites you.
* * * LOW HITPOINT WARNING * * *
The vampire mosquito draws strength from your injuries!
Okay, then.
Okay, then.
Okay, then.
Something hits you.
You die...

#.#.. ...#
#...##
#..#.###
#.###......
.....#.#
#.#..)#####..
#.)@y.....#
##.######.#
#. #. .. ##


You could see a vampire mosquito.

Vanquished Creatures
  A bullfrog skeleton (D:6)
  Natasha (thrice) (D:2)
  An iguana (D:6)
  3 adders
  2 worms (D:2)
  4 dart slugs
  2 orcs
  5 bats
  2 giant cockroaches
  6 goblins
  4 hobgoblins
  3 jackals (D:1)
  4 kobolds
  3 quokkas
  7 ball pythons
  3 frilled lizards (D:1)
  6 rats
59 creatures vanquished.

Vanquished Creatures (others)
  An orc wizard (D:5)
1 creature vanquished.

Grand Total: 60 creatures vanquished

Notes
Turn   | Place    | Note
-------+----------+-------------------------------------------
     0 | D:1      | Execuda the Minotaur Air Elementalist began the quest for
                  | the Orb.
     0 | D:1      | Reached XP level 1. HP: 14/14 MP: 1/1
    43 | D:1      | Reached skill level 1 in Fighting
   385 | D:1      | Reached skill level 2 in Fighting
   385 | D:1      | Reached XP level 2. HP: 24/24 MP: 0/3
   568 | D:1      | Found a faded altar of an unknown god.
   830 | D:1      | Reached skill level 3 in Fighting
  1088 | D:1      | Reached XP level 3. HP: 31/31 MP: 4/4
  1331 | D:2      | Noticed Natasha
  1342 | D:2      | Killed Natasha
  1343 | D:2      | Reached skill level 4 in Fighting
  1527 | D:2      | Noticed Natasha
  1535 | D:2      | Killed Natasha
  1536 | D:2      | Reached XP level 4. HP: 18/41 MP: 5/5
  1719 | D:2      | Noticed Natasha
  1733 | D:2      | Reached skill level 5 in Fighting
  1740 | D:2      | Killed Natasha
  1965 | D:2      | Reached XP level 5. HP: 40/50 MP: 6/6
  2280 | D:3      | Reached skill level 6 in Fighting
  2503 | D:3      | You fall into a shaft and drop 3 floors!
  2583 | D:6      | Noticed a phantom
  2584 | D:6      | Noticed a yak
  2584 | D:6      | Noticed a vampire mosquito
  2584 | D:6      | Noticed a two-headed ogre
  2601 | D:5      | Entered Level 5 of the Dungeon
  2609 | D:5      | Gained mutation: You expend magic power (3 MP) to
                  | strengthen your wands. [potion of mutation]
  2609 | D:5      | Gained mutation: You have a somewhat thin skeletal
                  | structure. (Dex +2, Stealth+) [potion of mutation]
  2609 | D:5      | Gained mutation: You are frail. (-10% HP) [potion of
                  | mutation]
  2609 | D:5      | Gained mutation: You are somewhat resistant to further
                  | mutation. [potion of mutation]
  2620 | D:5      | HP: 2/45 [vampire mosquito (4)]
  2621 | D:5      | Slain by an orc wizard

Illustrated notes

Levels and vault maps discovered:
D:1:      minmay_arrival_up_and_down, layout_loops_ring,
          hellmonk_ecumenical_altar_zigzags, minmay_misc_feat_nine_boxes
D:2:      layout_rooms, minmay_quantized, uniq_natasha
D:3:      layout_basic, chequers_serial_rivers_micro_b, dk_noncrumbling_3,
          minivault_27, minmay_tree_intersection
D:5:      layout_loops_ring, eat_drink_and_be_merry_uskayaw,
          gammafunk_ghost_split
D:6:      cheibrodos_fzero, layout_cave_pods, uniq_menkaure, uniq_grinder

Skill      XL: |  1  2  3  4  5 |
---------------+----------------+-----
Fighting       | 2 3 4 5 6 |  6.8
Dodging        | |  2.2
Stealth        | |  1.5
Spellcasting   | |  1.3
Conjurations   | |  0.6
Air Magic      | |  2.1

Action                   |  1- 3 |  4- 6 || total
-------------------------+-------+-------++-------
Melee: Unarmed           |    11 |       ||    11
       Headbutt          |     8 |    10 ||    18
       Dagger            |    47 |    74 ||   121
 Cast: Shock             |     1 |     1 ||     2
  Use: Potion            |       |     3 ||     3
 Stab: Sleeping          |     3 |     1 ||     4
       Distracted        |       |     1 ||     1
Armor: Robe              |     8 |     2 ||    10
       Chain mail        |       |    27 ||    27
Dodge: Dodged            |    47 |    49 ||    96

Table legend: (Time is in decaauts)
 A = Elapsed time spent in this place.
 B = Non-inter-level travel time spent in this place.
 C = Inter-level travel time spent in this place.
 D = Time resting spent in this place.
 E = Time spent auto-exploring this place.
 F = Levels seen in this place.
 G = Mean time per level.
                   A        B        C        D        E       F      G
               +--------+--------+--------+--------+--------+-----+--------+
         Total |   2614 |   2545 |     69 |    541 |   1527 |   5 |  522.8 |
       Dungeon |   2614 |   2545 |     69 |    541 |   1527 |   5 |  522.8 |
               +--------+--------+--------+--------+--------+-----+--------+

Top non-repeatable levels by time:
     D:1: 1254 daAuts
     D:2: 943 daAuts
     D:3: 302 daAuts
     D:6: 97 daAuts
     D:5: 15 daAuts
